 Dungeon Sprint DCSS version 0.26-a0-649-gf8c6c3aab7 (webtiles) character file.

Game seed: 11479000581913505438

41449 sahdkjhfkaj the Scorcher (level 13, -11/114 HPs)
             Began as a Red Draconian Ice Elementalist on Sept 26, 2020.
             Was a High Priest of Sif Muna.
             Killed from afar by a deep elf annihilator (23 damage)
             ... with an iron shot
             ... in the Dungeon (Sprint VII: "The Pits").
             The game lasted 00:23:19 (7875 turns).

sahdkjhfkaj the Scorcher (DrIE)                     Turns: 7875, Time: 00:23:19

Health: -11/114    AC: 14    Str: 12    XL:     13   Next: 80%
Magic:  2/33       EV: 18    Int: 25    God:    Sif Muna [*****.]
Gold:   40         SH:  0    Dex: 14    Spells: 8/44 levels left

rFire    + . .     SeeInvis .   r - +4 quarterstaff (speed)
rCold    + . .     Faith    .   (shield currently unavailable)
rNeg     . . .     Spirit   .   (armour unavailable)
rPois    .         Reflect  .   (helmet restricted)
rElec    .         Harm     .   C - +1 cloak
rCorr    .         Rampage  .   E - +1 pair of gloves
MR       .....     NoTele   +   B - +1 pair of boots
Stlth    ++........             v - amulet "Gutzatar" {RegenMP Int+2 Dex+3}
HPRegen  0.29/turn              z - ring of protection from cold
MPRegen  0.48/turn              n - +3 ring of intelligence

@: lethally poisoned (-11 -> -60), no potions, frozen ramparts
A: breathe fire, unfitting armour, fire resistance 1, cold-blooded, AC +8
a: Breathe Fire, Channel Magic, Forget Spell, Divine Exegesis, Renounce Religion


You were in the Dungeon.
You worshipped Sif Muna.
Sif Muna was extremely pleased with you.
You visited 1 branch You collected 40 gold pieces.

Inventory:

Hand Weapons
 r - a +4 quarterstaff of speed (weapon)
Missiles
 A - a throwing net (quivered)
Armour
 B - a +1 pair of boots (worn)
 C - a +1 cloak (worn)
 D - a +1 tower shield
 E - a +1 pair of gloves (worn)
Jewellery
 l - a +3 ring of strength
 m - the amulet of Enauk {Faith rElec rC+++ MR- Dex-5}
   (You found it in the Dungeon)

   [amulet of faith]

   It allows you to gain divine favour quickly.
   It affects your dexterity (-5).
   It renders you almost immune to cold.
   It insulates you from electricity.
   It affects your resistance to hostile enchantments.
 n - a +3 ring of intelligence (right hand)
 v - the amulet "Gutzatar" (around neck) {RegenMP Int+2 Dex+3}
   (You found it in the Dungeon)

   [amulet of magic regeneration]

   It increases your magic regeneration.
   It affects your intelligence (+2).
   It affects your dexterity (+3).
 z - a ring of protection from cold (left hand)
Scrolls
 g - a scroll of blinking
 h - 5 scrolls of remove curse
 i - 5 scrolls of amnesia
 j - a scroll of summoning
 k - 2 scrolls of vulnerability
 s - 6 scrolls of enchant armour
 t - 2 scrolls of fear
 u - a scroll of identify
 x - a scroll of magic mapping
Potions
 a - 2 potions of invisibility
 b - 7 potions of curing
 c - 15 potions of heal wounds
 d - 4 potions of haste
 e - 4 potions of magic
 f - 5 potions of berserk rage
 o - a potion of might
 p - 2 potions of stabbing
 q - 2 potions of mutation
 w - a potion of brilliance
Miscellaneous
 y - a phial of floods


   Skills:
 - Level 10.7 Fighting
 - Level 10.2 Dodging
 - Level 1.7 Stealth
 + Level 16.1 Spellcasting
 - Level 6.1 Conjurations
 - Level 6.1 Transmutations
 + Level 18.8 Fire Magic
 - Level 18.0 Ice Magic
 - Level 12.0 Invocations


You had 8 spell levels left.
You knew the following spells:

 Your Spells              Type           Power        Failure   Level
a - Freeze                Ice            ####         0%          1
b - Frozen Ramparts       Ice            ######       0%          3
c - Summon Ice Beast      Ice/Summ       ######..     1%          4
d - Ozocubu's Refrigerat  Ice            #######...   1%          6
e - Absolute Zero         Ice            #######...   86%         9
f - Irradiate             Conj/Tmut      ######....   6%          5
g - Ignition              Fire           #######...   8%          8

Your spell library contained the following spells:

 Spells                   Type           Power        Failure   Level
 Foxfire                  Conj/Fire      ####         0%          1
 Ozocubu's Armour         Ice            #######.     0%          3
 Beastly Appendage        Tmut           ######       1%          1
 Magic Dart               Conj           ####         1%          1
 Shock                    Conj/Air       ####         1%          1
 Sting                    Tmut/Pois      ####         1%          1
 Ensorcelled Hibernation  Hex/Ice        ######       1%          2
 Searing Ray              Conj           ######       1%          2
 Conjure Flame            Conj/Fire      ######..     1%          3
 Ignite Poison            Fire/Tmut/Pois ######..     1%          3
 Inner Flame              Hex/Fire       ######..     1%          3
 Hailstorm                Conj/Ice       ######..     1%          4
 Ice Form                 Ice/Tmut       ######..     1%          4
 Sticky Flame             Conj/Fire      ######..     1%          4
 Fireball                 Conj/Fire      ######....   1%          5
 Metabolic Englaciation   Hex/Ice        ######....   1%          5
 Summon Small Mammal      Summ           ###.         2%          1
 Dazzling Flash           Conj/Hex       #####.       2%          3
 Spider Form              Tmut/Pois      #####.....   2%          3
 Static Discharge         Conj/Air       #####...     2%          3
 Stone Arrow              Conj/Erth      #####.       2%          3
 Bolt of Magma            Conj/Fire/Erth ######....   2%          5
 Mephitic Cloud           Conj/Pois/Air  ####....     3%          3
 Blink                    Tloc           N/A          4%          2
 Call Imp                 Summ           ###.....     4%          2
 Corpse Rot               Necr/Air       N/A          4%          2
 Poisonous Vapours        Pois/Air       ###...       4%          2
 Sublimation of Blood     Necr           ###.......   4%          2
 Blade Hands              Tmut           ######....   6%          5
 Iskenderun's Battlesphe  Conj           ######..     6%          5
 Call Canine Familiar     Summ           ###.....     8%          3
 Lesser Beckoning         Tloc           ###.......   8%          3
 Portal Projectile        Hex/Tloc       ###...       8%          3
 Summon Guardian Golem    Hex/Summ       ###.....     8%          3
 Teleport Other           Tloc           ###.....     8%          3
 Vampiric Draining        Necr           ###.......   8%          3
 Fulminant Prism          Conj/Hex       #####.....   8%          4
 Iskenderun's Mystic Bla  Conj/Tloc      #####...     8%          4
 Petrify                  Tmut/Erth      #####...     8%          4
 Simulacrum               Ice/Necr       ######....   10%         6
 Freezing Cloud           Conj/Ice/Air   ######....   16%         6
 Lightning Bolt           Conj/Air       #####.....   21%         5
 Airstrike                Air            ###.......   26%         4
 Dispel Undead            Necr           ###.....     26%         4
 Passage of Golubria      Tloc           N/A          26%         4
 Summon Lightning Spire   Summ/Air       ###.....     26%         4
 Borgnjor's Vile Clutch   Necr/Erth      ###.......   58%         5
 Excruciating Wounds      Necr           ###.......   58%         5
 Silence                  Hex/Air        ###.......   58%         5
 Summon Demon             Summ           ###.......   58%         5
 Iron Shot                Conj/Erth      #####.....   75%         6
 Orb of Destruction       Conj           ######....   88%         7
 Shadow Creatures         Summ           N/A          99%         6
 Haunt                    Necr/Summ      ###.......   100%        7
 Monstrous Menagerie      Summ           ###.......   100%        7
 Summon Hydra             Summ           ###.......   100%        7
 Lehudib's Crystal Spear  Conj/Erth      #####.....   100%        8
 Summon Horrible Things   Summ           ###.......   100%        8
 Fire Storm               Conj/Fire      ######....   100%        9
 Shatter                  Erth           ###.......   100%        9
 Tornado                  Air            ###.......   100%        9


Dungeon Overview and Level Annotations

Branches:
Dungeon (1/1)

Altars:
Ashenzari
Cheibriados
Dithmenos
Elyvilon
Fedhas
Gozag
Hepliaklqana
Kikubaaqudgha
Makhleb
Nemelex Xobeh
Okawaru
Qazlal
Ru
Sif Muna
Trog
Uskayaw
Vehumet
Wu Jian
Xom
Yredelemnul
Zin
The Shining One
Beogh
Jiyva
Lugonu


Innate Abilities, Weirdness & Mutations

You can breathe blasts of fire.
Your fiery red scales are hard. (AC +8)
You cannot fit into any form of body armour.
Your flesh is heat resistant. (rF+)
You are cold-blooded and may be slowed by cold attacks.


Message History

Unknown command.
* * * LOW HITPOINT WARNING * * *
You feel very sick.
The deep elf annihilator resists.
The wall freezes the deep elf annihilator.
The deep elf annihilator completely misses you.
Unknown command.
Unknown command.
Unknown command.
Unknown command.
Unknown command.
Unknown command.
Unknown command.
* * * LOW HITPOINT WARNING * * *
You feel very sick.
The deep elf annihilator resists.
The wall freezes the deep elf annihilator.
The deep elf annihilator gestures at you while chanting.
The iron shot hits you!!
You die...

#..################..##..#....
#..# |# #..##....... #..# )#
#..##....... #..# )# #..####''###
#..# J# ##..####''### #..#
)#)#..##......#
#..#############E##..##.#'##.#
####..............e.....##.#).'.#
_.##............@.......##.'.|#.#
_.###########''###########.#.}'.#
..###########''###########.'..#.#
#'##..).............##..##.##'#.#
'.##......#..#......##..##......#
#.##[..)............''..#########
...'...)............''[.#########
####....).#..#......##).....)..).
..##................##.........).


You could see a deep elf annihilator and an earth elemental.

Vanquished Creatures
  A titan (D)
  A sphinx (D)
  2 emperor scorpions (D)
  2 orc warlords (D)
  A red draconian (D)
  A green death (D)
  A merfolk impaler (D)
  A fire dragon (D)
  4 vault guards (D)
  2 naga warriors (D)
  A yaktaur captain (D)
  A merfolk avatar (D)
  A hydra (D)
  2 two-headed ogres (D)
  A vampire mage (D)
  2 deep elf knights (D)
  A deep troll (D)
  An unseen horror (D)
  9 orc knights (D)
  A lindwurm (D)
  A necromancer (D)
  2 slime creatures (D)
  A cyclops (D)
  6 elephants (D)
  3 guardian serpents (D)
  A smoke demon (D)
  A molten gargoyle (D)
  2 orange demons (D)
  3 cane toads (D)
  2 gargoyles (D)
  A demonic crawler (D)
  A kobold demonologist (D)
  A wandering mushroom (D)
  5 yaktaurs (D)
  A guardian mummy (D)
  A jumping spider (D)
  4 merfolk (D)
  A polar bear (D)
  5 blink frogs (D)
  A troll (D)
  A tarantella (D)
  A wyvern (D)
  A spriggan (D)
  3 redbacks (D)
  Eustachio (D)
  A steam dragon (D)
  A neqoxec (D)
  A chaos spawn (D)
  3 acid dragons (D)
  A warg (D)
  2 insubstantial wisps (D)
  A water moccasin (D)
  Duvessa (D)
  A floating eye (D)
  An eye of draining (D)
  Purgy (D)
  A phantom (D)
  An ice beast (D)
  4 centaurs (D)
  A crocodile (D)
  A big kobold (D)
  2 bullfrogs (D)
  A gnoll sergeant (D)
  Dowan (D)
  A scorpion (D)
  A jelly (D)
  An orc priest (D)
  An iron imp (D)
  A gnoll shaman (D)
  An iguana (D)
  An orc wizard (D)
  2 mummies (D)
  2 adders (D)
  6 gnolls (D)
  2 river rats (D)
  An ufetubus (D)
  A worm (D)
  A leopard gecko (D)
  6 orcs (D)
  2 ball pythons (D)
  2 giant cockroaches (D)
  2 jackals (D)
  5 kobolds (D)
  A ball python simulacrum (D)
  A giant cockroach simulacrum (D)
  5 goblins (D)
  A quokka zombie (D)
  A fire vortex (D)
160 creatures vanquished.

Vanquished Creatures (others)
  4 blocks of ice (D)
4 creatures vanquished.

Grand Total: 164 creatures vanquished

Notes
Turn   | Place    | Note
-------+----------+-------------------------------------------
     0 | D        | sahdkjhfkaj the Draconian Ice Elementalist began the quest
                  | for the Orb.
     0 | D        | Reached XP level 1. HP: 14/14 MP: 3/3
    39 | D        | Found a bloodstained altar of Trog.
    39 | D        | Found a shimmering blue altar of Sif Muna.
    39 | D        | Found a viscous altar of Jiyva.
    39 | D        | Found a hazy altar of Hepliaklqana.
    39 | D        | Found an opulent altar of Gozag.
    40 | D        | Found a glowing golden altar of the Shining One.
    40 | D        | Found a glowing silver altar of Zin.
    40 | D        | Found a basalt altar of Yredelemnul.
    40 | D        | Found a shimmering altar of Xom.
    40 | D        | Found an ornate altar of the Wu Jian Council.
    40 | D        | Found a sacrificial altar of Ru.
    40 | D        | Found a stormy altar of Qazlal.
    40 | D        | Found an iron altar of Okawaru.
    40 | D        | Found a sparkling altar of Nemelex Xobeh.
    40 | D        | Found a burning altar of Makhleb.
    40 | D        | Found a blossoming altar of Fedhas.
    40 | D        | Found a white marble altar of Elyvilon.
    40 | D        | Found a shadowy altar of Dithmenos.
    40 | D        | Found a snail-covered altar of Cheibriados.
    41 | D        | Found a radiant altar of Vehumet.
    41 | D        | Found a corrupted altar of Lugonu.
    41 | D        | Found a roughly hewn altar of Beogh.
    42 | D        | Found an ancient bone altar of Kikubaaqudgha.
    42 | D        | Found a hide-covered altar of Uskayaw.
    42 | D        | Found a broken altar of Ashenzari.
    43 | D        | Became a worshipper of Sif Muna the Loreminder
   151 | D        | Noticed a floating eye
   160 | D        | Reached * piety under Sif Muna
   160 | D        | Reached skill level 5 in Ice Magic
   160 | D        | Reached XP level 2. HP: 16/20 MP: 1/5
   232 | D        | Killed a floating eye
   232 | D        | Reached XP level 3. HP: 26/26 MP: 0/9
   232 | D        | Reached XP level 4. HP: 33/33 MP: 0/10
   315 | D        | Learned a level 3 spell: Frozen Ramparts
   347 | D        | Learned a level 4 spell: Summon Ice Beast
   351 | D        | Reached ** piety under Sif Muna
   436 | D        | Noticed Duvessa
   450 | D        | Killed Duvessa
   450 | D        | Reached *** piety under Sif Muna
   450 | D        | Reached skill level 5 in Dodging
   450 | D        | Reached skill level 5 in Spellcasting
   450 | D        | Reached XP level 5. HP: 36/38 MP: 7/13
   458 | D        | Noticed Dowan
   464 | D        | Killed Dowan
   464 | D        | Reached XP level 6. HP: 27/45 MP: 3/15
   594 | D        | Reached skill level 10 in Ice Magic
   723 | D        | Noticed a water moccasin
   726 | D        | Killed a water moccasin
   726 | D        | Reached **** piety under Sif Muna
   772 | D        | Reached skill level 1 in Fighting
   800 | D        | Noticed Purgy
   807 | D        | Killed Purgy
   807 | D        | Your scales start taking on a fiery red colour.
   807 | D        | Reached XP level 7. HP: 60/60 MP: 14/19
   807 | D        | Gained mutation: Your flesh is heat resistant. (rF+) [Red
                  | Draconian growth]
   835 | D        | Noticed a redback
   839 | D        | Killed a redback
   954 | D        | Reached ***** piety under Sif Muna
   954 | D        | Received a gift from Sif Muna
   954 | D        | Reached skill level 10 in Ice Magic
  1035 | D        | Learned a level 6 spell: Ozocubu's Refrigeration
  1039 | D        | Noticed a gargoyle
  1046 | D        | Killed a gargoyle
  1046 | D        | Reached skill level 10 in Spellcasting
  1046 | D        | Reached XP level 8. HP: 67/67 MP: 1/22
  1288 | D        | Noticed an elephant
  1288 | D        | Identified Sif Muna's Incunabulum of Gliding Confrontation
                  | (Sif Muna gifted it to you in the Dungeon)
  1288 | D        | Received a gift from Sif Muna
  1325 | D        | Reached skill level 1 in Invocations
  1326 | D        | Killed an elephant
  1420 | D        | Noticed an elephant
  1422 | D        | Noticed an elephant
  1427 | D        | Killed an elephant
  1427 | D        | Identified Sif Muna's Collected Works on Battle Magic and
                  | Dark Arts (Sif Muna gifted it to you in the Dungeon)
  1427 | D        | Received a gift from Sif Muna
  1427 | D        | Reached skill level 10 in Invocations
  1427 | D        | Reached XP level 9. HP: 44/73 MP: 6/24
  1597 | D        | Noticed a cane toad
  1597 | D        | Noticed a jumping spider
  1599 | D        | Noticed an elephant
  1600 | D        | Reached skill level 5 in Fighting
  1600 | D        | Killed a cane toad
  1600 | D        | Killed a jumping spider
  1601 | D        | Noticed a smoke demon
  1602 | D        | Killed an elephant
  1602 | D        | Killed an elephant
  1602 | D        | Received a gift from Sif Muna
  1602 | D        | Reached XP level 10. HP: 86/86 MP: 4/26
  1641 | D        | Killed a smoke demon
  1727 | D        | Noticed an elephant
  1731 | D        | Killed an elephant
  1844 | D        | Received a gift from Sif Muna
  1896 | D        | Reached ****** piety under Sif Muna
  1908 | D        | Noticed a two-headed ogre
  1948 | D        | Killed a two-headed ogre
  1948 | D        | Reached skill level 10 in Fighting
  2095 | D        | Killed an unseen horror
  2095 | D        | Identified Sif Muna's Grimoire of Icy Battle Magic (Sif
                  | Muna gifted it to you in the Dungeon)
  2095 | D        | Received a gift from Sif Muna
  2095 | D        | Reached skill level 10 in Dodging
  2109 | D        | Learned a level 9 spell: Absolute Zero
  2242 | D        | Noticed a cane toad
  2249 | D        | Killed a cane toad
  2275 | D        | Noticed a cane toad
  2277 | D        | Killed a cane toad
  2277 | D        | Reached XP level 11. HP: 101/101 MP: 3/28
  2943 | D        | Identified Sif Muna's Reference Book on Excruciating
                  | Transformation (Sif Muna gifted it to you in the Dungeon)
  2943 | D        | Received a gift from Sif Muna
  2954 | D        | Learned a level 5 spell: Irradiate
  3157 | D        | Noticed a vampire mage
  3278 | D        | Identified Sif Muna's Disquisition on Summoning (Sif Muna
                  | gifted it to you in the Dungeon)
  3278 | D        | Received a gift from Sif Muna
  3281 | D        | Killed a vampire mage
  3579 | D        | Reached skill level 1 in Conjurations
  3579 | D        | Reached skill level 1 in Transmutations
  3746 | D        | Noticed Eustachio
  3751 | D        | Killed Eustachio
  3835 | D        | Received a gift from Sif Muna
  3923 | D        | Learned a level 8 spell: Ignition
  4107 | D        | Got the amulet "Gutzatar" {RegenMP Int+2 Dex+3}
  4214 | D        | Noticed an emperor scorpion
  4216 | D        | Reached skill level 1 in Fire Magic
  4261 | D        | Killed an emperor scorpion
  4391 | D        | Noticed a deep troll
  4393 | D        | Noticed a merfolk avatar
  4396 | D        | Killed a deep troll
  4396 | D        | Identified Sif Muna's Handbook of Warped Dark Rituals (Sif
                  | Muna gifted it to you in the Dungeon)
  4396 | D        | Received a gift from Sif Muna
  4396 | D        | Reached skill level 5 in Conjurations
  4396 | D        | Reached skill level 5 in Transmutations
  4398 | D        | Killed a merfolk avatar
  4398 | D        | Reached skill level 5 in Fire Magic
  4472 | D        | Noticed a lindwurm
  4477 | D        | Killed a lindwurm
  4515 | D        | Reached XP level 12. HP: 108/108 MP: 19/29
  4676 | D        | Noticed a merfolk impaler
  4705 | D        | Reached skill level 15 in Ice Magic
  4706 | D        | Killed a merfolk impaler
  4706 | D        | Identified Sif Muna's Reference Book on Damaging Flight
                  | (Sif Muna gifted it to you in the Dungeon)
  4706 | D        | Received a gift from Sif Muna
  4856 | D        | Noticed an orc warlord
  4876 | D        | Killed an orc warlord
  5070 | D        | Reached skill level 10 in Fire Magic
  5193 | D        | Identified Sif Muna's Tome of Snow and Unholy Arts (Sif
                  | Muna gifted it to you in the Dungeon)
  5193 | D        | Received a gift from Sif Muna
  5517 | D        | Noticed an orc warlord
  5553 | D        | Killed an orc warlord
  5737 | D        | Noticed a vault guard
  5747 | D        | Killed a vault guard
  5767 | D        | Identified Timnuomu's Disquisition on Arcane Weapons (Sif
                  | Muna gifted it to you in the Dungeon)
  5767 | D        | Received a gift from Sif Muna
  5987 | D        | Noticed a naga warrior
  6202 | D        | Killed a naga warrior
  6271 | D        | Noticed a naga warrior
  6275 | D        | Killed a naga warrior
  6315 | D        | Noticed a yaktaur captain
  6413 | D        | Killed a yaktaur captain
  6530 | D        | Identified Sif Muna's Grimoire of Blistering Attacks (Sif
                  | Muna gifted it to you in the Dungeon)
  6530 | D        | Received a gift from Sif Muna
  6530 | D        | Reached XP level 13. HP: 55/114 MP: 15/30
  6851 | D        | Reached skill level 15 in Fire Magic
  6998 | D        | Noticed a sphinx
  7000 | D        | Killed a sphinx
  7051 | D        | Noticed a red draconian
  7054 | D        | Killed a red draconian
  7102 | D        | Identified Sif Muna's Collected Works on Hexes and
                  | Confrontation (Sif Muna gifted it to you in the Dungeon)
  7102 | D        | Received a gift from Sif Muna
  7490 | D        | Noticed an emperor scorpion
  7490 | D        | Noticed a green death
  7490 | D        | Noticed a fire dragon
  7490 | D        | Noticed a titan
  7492 | D        | Killed a green death
  7493 | D        | Killed a fire dragon
  7494 | D        | Identified Sif Muna's Compendium of Creative Arcane Weapons
                  | (Sif Muna gifted it to you in the Dungeon)
  7494 | D        | Received a gift from Sif Muna
  7494 | D        | Killed a titan
  7494 | D        | Reached skill level 15 in Spellcasting
  7511 | D        | Killed an emperor scorpion
  7684 | D        | Got the amulet of Enauk {Faith rElec rC+++ MR- Dex-5}
  7694 | D        | Got the Disquisition on the Twisted Glacier
  7801 | D        | Identified Sif Muna's Volume of Earthen Transmigration (Sif
                  | Muna gifted it to you in the Dungeon)
  7801 | D        | Received a gift from Sif Muna
  7864 | D        | Identified the +5 dagger "Hoibrest" {vorpal, rF+ rC+}
  7864 | D        | Noticed a deep elf annihilator
  7875 | D        | Killed from afar by a deep elf annihilator

Illustrated notes

Levels and vault maps discovered:
D:        pitsprint [storerooms_1, entrance_room_1, metal_vault_8, armoury_1,
          mini_pit_1, grid_room_1, main_hall_1, silver_pit, the_coven_2,
          the_vestibule_1, steel_vault_2, golden_pit, hallway_of_sentries,
          crystal_vault_5, iron_vault_4, final_vault]

Skill      XL: |  1  2  3  4  5  6  7  8  9 10 11 12 13 |
---------------+----------------------------------------+-----
Dodging        | 2 4 5 6 7 10 | 10.2
Ice Magic      | 5 7 9 8 10 11 14 17 18 | 18.0
Spellcasting   | 4 5 6 8 10 11 12 13 16 | 16.1
Fighting       | 4 7 10 | 10.7
Invocations    | 10 12 | 12.0
Conjurations   | 6 |  6.1
Transmutations | 6 |  6.1
Fire Magic     | 6 14 18 | 18.8
Stealth        | |  1.7

Action                   |  1- 3 |  4- 6 |  7- 9 | 10-12 | 13-15 || total
-------------------------+-------+-------+-------+-------+-------++-------
Melee: Quarterstaff      |       |     3 |    12 |    16 |     1 ||    32
       Tailslap          |       |       |     4 |     1 |       ||     5
 Cast: Freeze            |    11 |     9 |    11 |     2 |     3 ||    36
       Frozen Ramparts   |       |     8 |     7 |    33 |     4 ||    52
       Summon Ice Beast  |       |       |     2 |       |       ||     2
       Ozocubu's Refrige |       |       |     7 |   100 |    35 ||   142
       Absolute Zero     |       |       |       |     3 |     2 ||     5
       Fire Storm        |       |       |       |       |     1 ||     1
Invok: Divine Exegesis   |       |       |       |     3 |     3 ||     6
 Abil: Breathe Fire      |       |       |       |     2 |     1 ||     3
  Use: Potion            |       |       |     2 |       |       ||     2
 Stab: Sleeping          |       |     1 |       |       |       ||     1
Armor: Skin              |     3 |     3 |    10 |    10 |     3 ||    29
Dodge: Dodged            |     4 |    11 |    26 |    62 |    12 ||   115

Table legend: (Time is in decaauts)
 A = Elapsed time spent in this place.
 B = Non-inter-level travel time spent in this place.
 C = Inter-level travel time spent in this place.
 D = Time resting spent in this place.
 E = Time spent auto-exploring this place.
 F = Levels seen in this place.
 G = Mean time per level.
                   A        B        C        D        E       F      G
               +--------+--------+--------+--------+--------+-----+--------+
         Total |   7922 |   7617 |    305 |   5464 |      0 |   1 | 7922.0 |
       Dungeon |   7922 |   7617 |    305 |   5464 |      0 |   1 | 7922.0 |
               +--------+--------+--------+--------+--------+-----+--------+

Top non-repeatable levels by time:
       D: 7922 daAuts
